 Dungeon Crawl Stone Soup version 0.18.1-48-g4cf74bf (webtiles) character file.

1463 Jerry the Destroyer (level 8, 11/41 HPs)
             Began as a Deep Elf Fire Elementalist on Aug 11, 2016.
             Was an Initiate of Vehumet.
             Quit the game on level 8 of the Dungeon.
             The game lasted 00:45:27 (7427 turns).

Jerry the Destroyer (Deep Elf Fire Elementalist)    Turns: 7427, Time: 00:45:27

Health: 11/41      AC:  3    Str:  5    XL:     8   Next: 48%
Magic:  16/16      EV: 13    Int: 23    God:    Vehumet [......]
Gold:   300        SH:  0    Dex: 15    Spells: 4 memorised, 6 levels left

rFire  . . .     SeeInvis .     p - +1 hunting sling
rCold  . . .     Gourm    .     a - +0 robe
rNeg   . . .     Faith    .     (no shield)
rPois  .         Spirit   .     (no helmet)
rElec  .         Dismiss  .     h - +0 cloak
rCorr  .         Reflect  .     (no gloves)
SustAt .         Harm     .     (no boots)
MR     .....                    (no amulet)
Stlth  ++........               (no ring)
                                (no ring)

@: not resistant to hostile enchantments, unstealthy
A: no striking features
a: Renounce Religion


You were on level 8 of the Dungeon.
You worshipped Vehumet.
Vehumet was noncommittal.
You were very hungry.

You visited 2 branches of the dungeon, and saw 9 of its levels.

You collected 300 gold pieces.

Inventory:

Hand Weapons
 e - a +0 dagger
 p - a +1 hunting sling (weapon)
Missiles
 d - 115 stones (quivered)
Armour
 a - a +0 robe (worn)
 h - a +0 cloak (worn)
Jewellery
 o - an uncursed ring of ice
 u - an uncursed ring of ice
Scrolls
 f - 8 scrolls of identify
 k - 4 scrolls of remove curse
 l - 2 scrolls of noise
 m - 2 scrolls of enchant weapon
Potions
 i - 2 potions of heal wounds
 n - 3 potions of curing
 r - 3 potions of degeneration {unknown}
 s - a potion of might {unknown}
 v - 2 potions of cancellation {unknown}
 z - a potion of ambrosia {unknown}
 A - a potion of flight {unknown}
Books
 b - a book of Flames

   Spells                             Type                      Level
   a - Flame Tongue                   Conjuration/Fire             1
   b - Throw Flame                    Conjuration/Fire             2
   c - Conjure Flame                  Conjuration/Fire             3
   d - Inner Flame                    Hexes/Fire                   3
   e - Sticky Flame                   Conjuration/Fire             4
   f - Fireball                       Conjuration/Fire             5
Comestibles
 c - 6 bread rations
 g - 2 fruits
 q - 5 meat rations


   Skills:
 - Level 2.4 Dodging
 - Level 2.4 Stealth
 - Level 4.6 Spellcasting
 + Level 8.8 Conjurations
 - Level 7.7 Fire Magic


You had 6 spell levels left.
You knew the following spells:

 Your Spells              Type           Power        Failure   Level  Hunger
a - Flame Tongue          Conj/Fire      #####        1%          1    None
b - Conjure Flame         Conj/Fire      #####...     1%          3    ##.....
c - Throw Flame           Conj/Fire      #####.       1%          2    None
d - Sticky Flame          Conj/Fire      #####...     4%          4    ####...


Dungeon Overview and Level Annotations

Branches:
Dungeon (9/15)             Temple (1/1) D:5
   Lair: D:8-11         Orc: D:9-12

Altars:
Ashenzari
Cheibriados
Dithmenos
Elyvilon
Fedhas
Gozag
Kikubaaqudgha
Makhleb
Nemelex Xobeh
Okawaru
Pakellas
Qazlal
Sif Muna
Trog
Vehumet
Xom
Yredelemnul
The Shining One

Shops:
D:4 *

Annotations:
D:3 Sigmund
D:5 torvon's ghost, amateur DsVM


Message History

The killer bee stings you!
* * * LOW HITPOINT WARNING * * *
There is an open door here.
You see here a hippogriff corpse.
The killer bee completely misses you.
The crimson imp grins evilly.
The crimson imp blinks!
Really attack while wielding your +1 hunting sling? [Y]es or [N]o only, please.
Really attack while wielding your +1 hunting sling? [Y]es or [N]o only, please.
Really attack while wielding your +1 hunting sling? [Y]es or [N]o only, please.
Really attack while wielding your +1 hunting sling? [Y]es or [N]o only, please.
Really attack while wielding your +1 hunting sling? [Y]es or [N]o only, please.
Really attack while wielding your +1 hunting sling?
Okay, then.
Are you sure you want to abandon this character and quit the game? (Confirm with "yes".)

,,,**,*###.#.##...###y#### *
,,,,*,* *,#.###### #.# *
,,,**,####,#.# #.##### *
,,***,.....#'## #>y..y# *
,****,***##...## #####.# *
,,,,,,* ##.....## ####.# *
,,,*,***#.......## ##.##§##*****
,,,,,**#.........####§.....##..,,
,,,,,,.'.......5@yya(Y..........,
,,,,,###.>.......####......##..#*
,,,,,* ##.......## #..#####*,.#*
,***** ##.....## #.## *,,.. ,*
##...## #.# *,**# ,* ##+#* #.#
*,*** ,*** *,* #.# *,,,, ,,,* *,*
#.# ***** ,*,* **,** *,* *


You could see an ice beast, a worker ant, 2 killer bees and a crimson imp.

Vanquished Creatures
  Grinder (D:3)
  A hippogriff (D:8)
  Duvessa (D:4)
  2 ogres
  Dowan (D:4)
  4 scorpions
  A killer bee (D:9)
  A jelly (D:6)
  3 hounds
  4 worker ants
  Natasha (thrice) (D:3)
  An iguana (D:6)
  A worker ant zombie (D:5)
  9 adders
  3 gnolls (D:3)
  2 shadow imps
  2 oozes
  An adder skeleton (D:4)
  6 worms
  5 giant geckos
  5 orcs
  2 ball pythons
  13 bats
  6 giant cockroaches
  6 goblins
  4 hobgoblins
  18 jackals
  4 kobolds
  4 giant newts
  A quokka skeleton (D:5)
  5 rats
120 creatures vanquished.

Notes
Turn   | Place    | Note
--------------------------------------------------------------
     0 | D:1      | Jerry the Deep Elf Fire Elementalist began the quest for the Orb.
     0 | D:1      | Reached XP level 1. HP: 10/10 MP: 6/6
   289 | D:1      | Reached XP level 2. HP: 15/15 MP: 6/8
   592 | D:1      | Reached skill level 2 in Conjurations
  1048 | D:2      | Reached XP level 3. HP: 19/19 MP: 5/9
  1053 | D:2      | Learned a level 3 spell: Conjure Flame
  1320 | D:2      | Found a stormy altar of Qazlal.
  1418 | D:2      | Found a shadowy altar of Dithmenos.
  1624 | D:2      | Reached XP level 4. HP: 24/24 MP: 8/11
  1628 | D:2      | Learned a level 2 spell: Throw Flame
  1735 | D:2      | Noticed an ogre
  1760 | D:2      | Killed an ogre
  1760 | D:2      | Reached skill level 3 in Conjurations
  1760 | D:2      | Reached XP level 5. HP: 28/28 MP: 8/13
  2218 | D:3      | Noticed Grinder
  2249 | D:3      | Killed Grinder
  2249 | D:3      | Reached skill level 4 in Conjurations
  2249 | D:3      | Reached skill level 5 in Fire Magic
  2249 | D:3      | Reached XP level 6. HP: 27/32 MP: 4/14
  2589 | D:3      | Noticed Natasha
  2594 | D:3      | Killed Natasha
  2687 | D:3      | Noticed Natasha
  2701 | D:3      | Killed Natasha
  2701 | D:3      | Reached skill level 5 in Conjurations
  2866 | D:3      | Noticed Sigmund
  3086 | D:4      | Found a shattered altar of Ashenzari.
  3190 | D:3      | Noticed Natasha
  3203 | D:3      | Killed Natasha
  3899 | D:4      | Reached XP level 7. HP: 36/36 MP: 13/15
  4224 | D:4      | Found an opulent altar of Gozag.
  4317 | D:4      | Found Peohipn's Assorted Antiques.
  4328 | D:4      | Noticed Duvessa
  4396 | D:4      | Noticed Dowan
  4417 | D:4      | Killed Duvessa
  4417 | D:4      | Reached skill level 6 in Conjurations
  4426 | D:4      | Killed Dowan
  4432 | D:4      | Learned a level 4 spell: Sticky Flame
  4656 | D:4      | Found a white marble altar of Elyvilon.
  4658 | D:4      | Found a glowing golden altar of the Shining One.
  5015 | D:5      | Entered Level 5 of the Dungeon
  5708 | D:5      | Reached XP level 8. HP: 41/41 MP: 4/16
  5799 | D:5      | Found a staircase to the Ecumenical Temple.
  5808 | Temple   | Entered the Ecumenical Temple
  5850 | Temple   | Became a worshipper of Vehumet
  5979 | D:5      | Noticed torvon's ghost (amateur DsVM)
  6215 | D:6      | Reached skill level 7 in Conjurations
  6362 | D:6      | Found a shimmering altar of Xom.
  6816 | D:6      | Reached skill level 8 in Conjurations
  7120 | D:6      | Found a deep blue altar of Sif Muna.
  7214 | D:6      | You fall through a shaft for 2 floors!
  7264 | D:9      | HP: 2/41 [killer bee (2)]
  7427 | D:8      | Quit the game

Skill      XL: |  1  2  3  4  5  6  7  8 |
---------------+-------------------------+-----
Conjurations   | 2 3 4 5 6 8 |  8.8
Fire Magic     | 4 5 6 7 |  7.7
Spellcasting   | 4 |  4.6
Dodging        | |  2.4
Stealth        | |  2.4

Action                   |  1- 3 |  4- 6 |  7- 9 || total
-------------------------+-------+-------+-------++-------
 Fire: Hunting sling     |    48 |   150 |    69 ||   267
Throw: Stone             |     1 |       |       ||     1
 Cast: Flame Tongue      |    41 |    69 |   107 ||   217
       Throw Flame       |       |     6 |    10 ||    16
       Conjure Flame     |       |     6 |    12 ||    18
  Use: Scroll            |       |       |     8 ||     8
       Potion            |       |       |     2 ||     2
  Eat: Chunk             |     2 |     6 |     8 ||    16
       Fruit             |       |     1 |     3 ||     4
Armor: Robe              |     7 |    12 |     7 ||    26
Dodge: Dodged            |    12 |    61 |    27 ||   100
